 Dungeon Crawl Stone Soup version 0.16-a0-2652-gd333f3b (webtiles) character file.

34 RobertPalmer the Grave Robber (level 3, 3/21 HPs)
             Began as an Octopode Necromancer on Nov 23, 2014.
             Quit the game on level 2 of the Dungeon.
             The game lasted 00:02:34 (1707 turns).

RobertPalmer the Grave Robber (OpNe)                Turns: 1707, Time: 00:02:34

Health: 3/21       AC:  1    Str:  7    XL:     3   Next: 31%
Magic:  6/6        EV: 12    Int: 17    God:
Gold:   51         SH:  0    Dex: 13    Spells: 3 memorised, 1 level left

rFire  . . .     SeeInvis .     (no weapon)
rCold  . . .     Clarity  .     (no shield)
rNeg   . . .     SustAb   .     (helmet restricted)
rPois  .         Gourm    .     (no amulet)
rElec  .         Spirit   .     (no ring)
rCorr  .         Warding  .     (no ring)
rMut   .         Stasis   .     (no ring)
MR     .....                    (no ring)
Stlth  +++.......               (no ring)
                                (no ring)
                                (no ring)
                                (no ring)

@: lethally poisoned, not resistant to hostile enchantments, fairly stealthy
A: almost no armour, amphibious, 8 rings, constrict 8, camouflage 1, gelatinous
body 1
a: no special abilities


You were on level 2 of the Dungeon.
You were not hungry.

You visited 1 branch of the dungeon, and saw 2 of its levels.

You collected 51 gold pieces.


Innate Abilities, Weirdness & Mutations

You cannot wear most types of armour.
You are amphibious.
You can wear up to eight rings at the same time.
You can use your tentacles to constrict many enemies at once.
Your skin changes colour to match your surroundings (Stealth).
Your rubbery body absorbs attacks (AC +1).


   Skills:
 - Level 2.0 Dodging
 - Level 2.6 Stealth
 - Level 2.0 Spellcasting
 + Level 5.1 Necromancy


You had one spell level left.
You knew the following spells:

 Your Spells              Type           Power        Failure   Level  Hunger
x - Vampiric Draining     Necr           ###.......   10%         3    ###....
z - Pain                  Necr           ###.         2%          1    #......
O - Animate Skeleton      Necr           N/A          2%          1    #......

Inventory:

Armour
 e - a +0 pair of gloves
Jewellery
 k - an uncursed ring of flight {unknown}
Scrolls
 a - a scroll of identify {unknown}
 d - a scroll of remove curse {unknown}
 f - a scroll of teleportation {unknown}
 l - a scroll of enchant armour {unknown}
Books
 b - a book of Necromancy
Comestibles
 c - 2 bread rations
 g - a meat ration
 h - a slice of pizza

Dungeon Overview and Level Annotations

Branches:
Dungeon (2/15)

Altars:

########## ....Z....#
########'## #...# #######.
## #.Z.# #....... .# #...#
+....... .#
##Z#################.......
.###
#.#......@S...s...'.......
.+.#
#........##########)......
.#.# #####.#..#.# #†......
.#.# #........#.# ...####.
##.# #.#.#.##.#.# ....#
.#.## #.#......##### ......
....# # #..#.......+
......## .#.##
#..#########.......#
....######..# ......#


You could see an adder and a giant cockroach.


Message History

A giant cockroach comes into view.
Your bat skeleton hits the giant mite.
Your giant gecko skeleton bites the giant mite.
An adder comes into view.
Your bat skeleton hits the giant mite.
Unknown command.
* * * LOW HITPOINT WARNING * * *
You feel sick. The giant mite bites your bat skeleton.
Your giant gecko skeleton bites the giant mite.
The giant mite dies!
There is an open door here.
* * * LOW HITPOINT WARNING * * *
You feel sick.
The giant cockroach bites your giant gecko skeleton.
You feel sick. The adder bites your bat skeleton.
Your bat skeleton is destroyed!
The giant cockroach bites your giant gecko skeleton.
The giant cockroach bites your giant gecko skeleton.
Your giant gecko skeleton is destroyed!
You feel sick.
Aiming: Pain
Aim: an adder
Okay, then.
Drink which item? (? for menu, Esc to quit)
That liquid tasted very nasty...
You are lethally poisoned!
It was a potion of poison.
* * * LOW HITPOINT WARNING * * *
You feel sick.
Are you sure you want to abandon this character and quit the game? (Confirm with "yes".)

Action                   || total
-------------------------++-------
Melee: Unarmed           ||    54
 Cast: Animate Skeleton  ||    10
       Pain              ||    10
  Use: Potion            ||     1
 Stab: Sleeping          ||     4
  Eat: Chunk             ||     3

Vault maps used:
D:1:      lightli_arrival_boilingwater, kennysheep_small_spiral,
          hangedman_abyss_or_decor_lesser_grid
D:2:      st_stairs_11, uniq_sigmund

Notes
Turn   | Place    | Note
--------------------------------------------------------------
     0 | D:1      | RobertPalmer, the Octopode Necromancer, began the quest for the Orb.
     0 | D:1      | Reached XP level 1. HP: 11/11 MP: 3/3
    10 | D:1      | Learned a level 1 spell: Animate Skeleton
   480 | D:1      | Reached XP level 2. HP: 15/17 MP: 4/4
  1426 | D:2      | Reached XP level 3. HP: 13/21 MP: 1/6
  1591 | D:2      | Reached skill level 5 in Necromancy
  1609 | D:2      | Learned a level 3 spell: Vampiric Draining
  1707 | D:2      | Quit the game

Vanquished Creatures
  A giant gecko (D:2)
  5 bats
  4 giant cockroaches (D:1)
  2 goblins
  3 hobgoblins (D:1)
  3 kobolds
  4 rats (D:1)
22 creatures vanquished.

Vanquished Creatures (collateral kills)
  A giant mite (D:2)
  An ooze (D:1)
  A giant cockroach (D:1)
  A bat (D:1)
  A giant newt (D:1)
  A kobold (D:1)
  A rat (D:2)
7 creatures vanquished.

Vanquished Creatures (others)
  A bat skeleton (D:2)
  A giant gecko skeleton (D:2)
  A goblin skeleton (D:2)
  A kobold skeleton (D:1)
  A rat skeleton (D:1)
5 creatures vanquished.

Grand Total: 34 creatures vanquished
